Map: 瑟拉斯废墟

Players

诡丶计

  • Race: Zerg Zerg
  • League: Master

喵帕斯

  • Race: Zerg Zerg
  • League: Master

iGJim - Winner!

  • Race: Protoss Protoss
  • League: Master

iGRushcrazy - Winner!

  • Race: Protoss Protoss
  • League: Master

Event: GPL 2015 - Grand Finals

VOD

Have the link to the VOD?

Description

Time

  • Played on: Jan. 9, 2016, 9:47 a.m.
  • Length: 8:54

All games in this series

Show
View Real Time Build Order
Export as new Build Order

诡丶计 Zerg 

Build Orders: Hatch First 

Get SALT Encoding   

  12  0:00  Drone  
  13  0:12  Overlord  
  13  0:18  Drone  
  14  0:30  Drone  
  14  0:31  Drone  
  16  0:50  Hatchery  
  16  0:52  Drone  
  16  0:57  Drone  
  16  1:02  Extractor  
  16  1:14  Spawning Pool  
  16  1:17  Drone  
  16  1:20  Drone  
  16  1:25  Drone  
  18  1:32  Drone  
  19  1:43  Drone  
  20  1:50  Drone  
  21  2:00  Drone  
  22  2:02  Queen, Zergling x2  
  22  2:04  Queen  
  27  2:10  Metabolic Boost  
  27  2:16  Overlord  
  27  2:19  Drone  
  28  2:37  Hatchery  
  28  2:38  Zergling x2  
  28  2:40  Zergling x2  
  28  2:43  Zergling x2  
  30  2:44  Zergling x2  
  30  2:46  Zergling x2  
  30  2:49  Zergling x2  
  33  2:54  Overlord  
  33  3:02  Drone  
  34  3:08  Drone x2  
  34  3:10  Drone  
  36  3:13  Drone x3  
  36  3:14  Drone  
  36  3:19  Overlord  
  40  3:22  Drone  
  40  3:24  Drone  
  42  3:29  Drone  
  42  3:32  Drone  
  44  3:37  Queen  
  44  3:41  Drone x2  
  48  3:43  Drone  
  48  3:44  Drone  
  48  3:46  Drone  
  51  3:51  Lair  
  51  3:54  Overlord  
  50  4:01  Roach Warren  
  50  4:02  Drone  
  49  4:04  Drone  
  49  4:05  Drone  
  49  4:07  Extractor  
  49  4:09  Drone, Extractor  
  50  4:10  Drone  
  50  4:14  Drone x2  
  50  4:15  Drone  
  54  4:19  Drone  
  54  4:20  Drone x2  
  54  4:23  Drone x2  
  59  4:25  Drone  
  59  4:28  Drone x2  
  59  4:29  Drone  
  64  4:31  Drone  
  64  4:34  Drone  
  64  4:35  Extractor  
  64  4:42  Drone x2  
  64  4:44  Overlord x2  
  66  4:50  Glial Reconstitution  
  66  4:54  Overlord  
  65  5:04  Roach x8  
  81  5:13  Drone x4  
  80  5:17  Spore Crawler  
  75  5:22  Drone  
  75  5:23  Drone x5  
  82  5:34  Overlord  
  82  5:38  Roach  
  82  5:39  Roach x3  
  90  5:44  Overlord x2  
  90  5:47  Evolution Chamber  
  90  5:48  Extractor  
  79  5:52  Roach x6  
  91  6:03  Zergling x2, Overlord  
  91  6:04  Zergling x6  
  95  6:06  Zergling x2  
  95  6:07  Zergling x4  
  98  6:11  Zergling x2  
  98  6:18  Zergling x4  
  100  6:25  Evolution Chamber, Drone x3  
  91  6:26  Drone  
  91  6:27  Evolution Chamber, Zerg Ground Armor Level 1  
  91  6:28  Drone x3  
  91  6:30  Extractor  
  91  6:32  Hatchery  
  93  6:46  Drone x2  
  92  6:47  Drone x4  
  92  6:48  Ravager  
  92  6:49  Drone x2  
  99  6:57  Spire  
  93  7:01  Drone x2  
  93  7:04  Queen  
  93  7:05  Hatchery  
  93  7:06  Zergling x2  
  93  7:07  Zergling x4  
  97  7:14  Drone x2  
  97  7:15  Drone x4  
  100  7:19  Drone  
  91  7:26  Drone x2  
  93  7:31  Zergling x8  
  93  7:32  Zergling x6  
  93  7:35  Drone  
  97  7:37  Drone  
  97  7:43  Drone x2  
  94  7:48  Drone  
  95  7:53  Roach  
  95  7:54  Roach x3  
  103  8:00  Roach x3  
  103  8:03  Roach x2  
  99  8:05  Roach  
  99  8:08  Roach x2  
  99  8:09  Roach x2  
  99  8:12  Overseer  
  107  8:14  Roach x2  
  107  8:16  Roach  
  107  8:19  Roach x3  
  116  8:22  Roach  
  116  8:25  Roach x2  
  109  8:30  Roach x4  
Show
View Real Time Build Order
Export as new Build Order

喵帕斯 Zerg 

Build Orders:  

Get SALT Encoding   

  12  0:01  Probe (Chrono Boost)  
  13  0:11  Probe (Chrono Boost)  
  14  0:18  Pylon  
  14  0:22  Probe (Chrono Boost)  
  15  0:36  Probe (Chrono Boost)  
  16  0:46  Probe (Chrono Boost)  
  17  1:00  Nexus  
  17  1:09  Gateway  
  17  1:12  Probe (Chrono Boost)  
  18  1:19  Assimilator  
  18  1:23  Probe (Chrono Boost)  
  19  1:26  Assimilator  
  19  1:33  Probe (Chrono Boost)  
  19  1:36  Pylon  
  20  1:44  Probe (Chrono Boost)  
  21  1:54  Probe (Chrono Boost)  
  21  2:00  Cybernetics Core  
  22  2:05  Probe (Chrono Boost)  
  23  2:12  Probe (Chrono Boost)  
  25  2:15  Probe (Chrono Boost)  
  28  2:23  Probe (Chrono Boost)  
  28  2:26  Probe (Chrono Boost)  
  29  2:33  Probe (Chrono Boost), Adept  
  31  2:38  Probe (Chrono Boost)  
  33  2:44  Robotics Facility, Mothership Core (Chrono Boost)  
  33  2:50  Probe (Chrono Boost)  
  33  2:59  Adept  
  33  3:02  Probe x2 (Chrono Boost)  
  35  3:08  Pylon, Warp Gate  
  36  3:14  Probe (Chrono Boost)  
  36  3:15  Pylon  
  36  3:16  Probe (Chrono Boost)  
  37  3:23  Pylon  
  37  3:26  Probe (Chrono Boost)  
  38  3:28  Probe (Chrono Boost), Adept  
  38  3:30  Observer  
  42  3:40  Gateway  
  42  3:44  Probe (Chrono Boost)  
  42  3:48  Probe (Chrono Boost)  
  45  3:56  Probe (Chrono Boost), Robotics Bay  
  45  4:00  Probe (Chrono Boost)  
  46  4:03  Warp Prism  
  46  4:06  Stalker  
  48  4:14  Probe (Chrono Boost)  
  48  4:16  Probe (Chrono Boost)  
  52  4:23  Gateway  
  52  4:25  Pylon  
  52  4:27  Probe (Chrono Boost)  
  53  4:37  Probe (Chrono Boost), Gravitic Drive  
  54  4:38  Disruptor  
  54  4:42  Probe (Chrono Boost)  
  58  4:49  Probe (Chrono Boost)  
  58  4:50  Gateway  
  58  4:52  Gateway  
  60  4:53  Pylon  
  60  4:54  Probe (Chrono Boost)  
  61  5:01  Probe (Chrono Boost), Gateway  
  61  5:02  Assimilator  
  61  5:06  Probe (Chrono Boost)  
  62  5:10  Disruptor  
  62  5:18  Probe (Chrono Boost), Assimilator  
  65  5:32  Nexus  
  65  5:33  Pylon  
  65  5:38  Probe x2 (Chrono Boost)  
  65  5:40  Adept  
  65  5:41  Stalker  
  71  5:43  Immortal  
  71  5:49  Pylon  
  76  5:50  Probe (Chrono Boost)  
  76  5:52  Probe (Chrono Boost)  
  77  6:02  Probe (Chrono Boost)  
  77  6:04  Probe (Chrono Boost), Twilight Council  
  79  6:06  Forge  
  79  6:11  Sentry  
  79  6:12  Stalker  
  79  6:13  Sentry  
  79  6:14  Probe (Chrono Boost)  
  86  6:19  Pylon  
  86  6:22  Probe (Chrono Boost)  
  86  6:25  Blink  
  88  6:27  Probe (Chrono Boost)  
  89  6:33  Immortal  
  89  6:34  Probe (Chrono Boost), Adept  
  89  6:35  Protoss Ground Weapons Level 1  
  95  6:43  Probe (Chrono Boost)  
  95  6:45  Probe (Chrono Boost)  
  97  6:52  Probe (Chrono Boost)  
  99  6:55  Probe (Chrono Boost)  
  99  6:57  Probe (Chrono Boost)  
  99  6:58  Stalker x2  
  99  7:00  Stalker  
  106  7:03  Stalker  
  105  7:22  Adept x2  
  106  7:25  Stalker  
  106  7:26  Stalker  
  110  7:37  Gateway x2  
  110  7:40  Gateway  
  110  7:41  Gateway  
  110  7:43  Stalker  
  112  7:45  Stalker  
  112  7:47  Pylon  
  114  8:06  Stalker x3  
  114  8:09  Stalker  
  122  8:31  Stalker x3  
  122  8:33  Stalker  
Show
View Real Time Build Order
Export as new Build Order

iGJim Protoss - Winner!

Build Orders:  

Get SALT Encoding   

Show
View Real Time Build Order
Export as new Build Order

iGRushcrazy Protoss - Winner!

Build Orders:  

Get SALT Encoding   

Tags
 
Add a new tag
Caveats
  • Supply blocks, unpowered buildings, or Contaminate may cause inaccurate times.
  • Supply counts are checked every 10 seconds.